 Dungeon Crawl Stone Soup version 0.31-a0-931-g7b59d4eb97 (webtiles) character file.

Game seed: 16582319708299719104

27226 IndexError the Grappler (level 13, -2/137 HPs)
             Began as a Troll Shapeshifter on Oct 19, 2023.
             Was the Champion of Dithmenos.
             Slain by a red ugly thing (12 damage)
             ... on level 12 of the Dungeon.
             The game lasted 00:29:02 (11841 turns).

IndexError the Grappler (Troll Shapeshifter)       Turns: 11841, Time: 00:29:03

Health: -2/137     AC: 17    Str: 25    XL:     13   Next: 3%
Magic:  15/15      EV: 25    Int: 10    God:    Dithmenos [******]
Gold:   1135       SH:  0    Dex:  9    Spells: 12/12 levels left

rFire   . .          .
                       - Unarmed
rCold   + . .        (shield currently unavailable)
rNeg    . . .        H - +2 robe {rC+}
rPois   .            (helmet restricted)
rElec   .            a - +2 cloak
rCorr   .            (gloves unavailable)
SInv    .            (boots unavailable)
Will    .....        o - amulet of the acrobat
Stlth   +            N - +4 ring of protection
HPRegen 1.22/turn    F - +4 ring of protection
MPRegen 0.14/turn

%: acrobat
@: flux-form, acrobatic, glowing, studying 2 skills
A: glow, contaminating, large, unfitting armour, claws 3, regeneration 1, shaggy
fur 1, tough skin 1
a: Begin Untransformation, Renounce Religion, Shadow Step, Shadow Form


You were on level 12 of the Dungeon.
You worshipped Dithmenos.
Dithmenos was exalted by your worship.
You were something dangerously unstable.
You visited 1 branch of the dungeon, and saw 12 of its levels.
You also visited: Sewer, Ossuary and Ice Cave.

You collected 1135 gold pieces.

Inventory:

Hand Weapons
 q - the +10 mace "Eviscerator" {freeze, Str+2}
   (You found it on level 2 of the Dungeon)

   Str+2:     It affects your strength (+2).
Missiles
 y - 2 throwing nets {=f, !d}
 D - 8 atropa-tipped darts
 I - 2 darts of dispersal {=f}
 O - 6 datura-tipped darts
Armour
 a - a +2 cloak (worn)
   (You found it on level 9 of the Dungeon)
 E - a scarf of invisibility
   (You found it in a sewer)
 H - a +2 robe of cold resistance (worn)
   (You took it off an orc wizard on level 9 of the Dungeon)
 P - a +1 robe of resistance
   (You found it in an ice cave)
 R - a scarf of resistance
   (You found it in an ice cave)
Magical Staves
 S - a staff of fire {rF+}
   (You found it on level 11 of the Dungeon)
Jewellery
 i - a ring of resist corrosion
   (You found it on level 2 of the Dungeon)
 n - a ring of protection from fire {rF+, !d}
   (You found it on level 2 of the Dungeon)
 o - an amulet of the acrobat (around neck)
   (You found it on level 2 of the Dungeon)
 F - a +4 ring of protection (right claw)
   (You found it on level 4 of the Dungeon)
 J - an amulet of faith {Faith, !P}
   (You found it in an ice cave)
 K - the ring "Nophup" {rF+ Will+ SInv}
   (You found it on level 6 of the Dungeon)

   [ring of protection from fire]

   rF+:       It protects you from fire.
   Will+:     It increases your willpower.
   SInv:      It lets you see invisible.
 N - a +4 ring of protection (left claw)
   (You found it on level 7 of the Dungeon)
 V - a ring of positive energy {rN+}
   (You found it on level 11 of the Dungeon)
Talismans
 c - a beast talisman
 d - a flux talisman (active)
Wands
 C - a wand of flame (14)
   (You found it on level 11 of the Dungeon)
 M - a wand of digging (8)
   (You found it on level 9 of the Dungeon)
 T - a wand of roots (9)
   (You found it on level 11 of the Dungeon)
 Y - a wand of mindburst (6)
   (You found it on level 11 of the Dungeon)
Scrolls
 e - 3 scrolls of blinking {!r}
 g - 2 scrolls of immolation {!r}
 h - 2 scrolls of vulnerability {!r!r}
 j - 4 scrolls of fog
 k - 2 scrolls of amnesia
 m - 2 scrolls of enchant weapon
 s - 4 scrolls of teleportation
 u - 2 scrolls of fear
 X - a scroll of revelation
Potions
 b - a potion of lignification {!q}
 f - a potion of haste {unknown}
 l - a potion of berserk rage {!q}
 p - 2 potions of enlightenment {unknown}
 r - 5 potions of heal wounds {unknown}
 t - 4 potions of attraction {unknown}
 v - 10 potions of curing {unknown}
 w - a potion of might {unknown}
 x - a potion of mutation {unknown}
 z - a potion of cancellation
 A - 7 potions of ambrosia {unknown}
 B - a potion of invisibility
 G - 4 potions of resistance {unknown}
 L - 2 potions of brilliance {unknown}


   Skills:
 - Level 11.1 Fighting
 + Level 4.5 Dodging
 - Level 13.3 Unarmed Combat
 + Level 4.6 Invocations
 - Level 10.0 Shapeshifting


You had 12 spell levels left.
You didn't know any spells.
Your spell library contained the following spells:

 Spells                   Type           Power      Damage    Failure   Level
 Sting                    Tmut/Pois      0%         1d3       36%         1
 Summon Small Mammal      Summ           0%         N/A       36%         1
 Cigotuvi's Dreadful Rot  Necr/Pois/Air  0%         N/A       50%         2
 Poisonous Vapours        Pois/Air       0%         N/A       50%         2
 Call Canine Familiar     Summ           0%         N/A       75%         3
 Dazzling Flash           Conj/Hex       0%         N/A       75%         3
 Ignite Poison            Fire/Tmut/Pois 0%         N/A       75%         3
 Summon Guardian Golem    Hex/Summ       0%         N/A       75%         3
 Tukima's Dance           Hex            0%         N/A       75%         3
 Volatile Blastmotes      Fire/Tloc      0%         2d10      75%         3
 Dispel Undead            Necr           0%         3d6       98%         4
 Fulminant Prism          Conj/Hex       0%         3d5       98%         4
 Iskenderun's Mystic Bla  Conj/Tloc      0%         2d3       98%         4
 Olgreb's Toxic Radiance  Pois           0%         N/A       98%         4
 Passage of Golubria      Tloc           0%         N/A       98%         4
 Freezing Cloud           Conj/Ice/Air   0%         6-21      100%        5
 Yara's Violent Unravell  Hex/Tmut       0%         3d3       100%        5
 Death Channel            Necr           0%         N/A       100%        6
 Starburst                Conj/Fire      0%         6d3       100%        6
 Haunt                    Necr/Summ      0%         N/A       100%        7
 Borgnjor's Revivificati  Necr           0%         N/A       100%        8
 Maxwell's Capacitive Co  Air            0%         ∞         100%        8
 Death's Door             Necr           0%         N/A       100%        9


Dungeon Overview and Level Annotations

Branches:
Dungeon (12/15)            Temple (0/1) D:7            Lair (0/5) D:10
    Orc (0/2) D:9           Sewer (visited)         Ossuary (visited)
  IceCv (visited)

Altars:
Ashenzari
Dithmenos
Fedhas
Hepliaklqana
Kikubaaqudgha
Nemelex Xobeh
Qazlal
Ru
Trog
Wu Jian
Xom
Zin
The Shining One

Shops:
D:10 (   D:12 [

Annotations:
D:8 1 runed translucent door, ongoing's ghost, journeyman MfSh


Innate Abilities, Weirdness & Mutations

You are something dangerously unstable.
You glow with magical radiation, making you easy to see and hit.
Foes you strike become dangerously contaminated with magical radiation.
You are incapable of wielding weapons or throwing items.
You are too large for most types of armour.
You have claws for hands.
Your natural rate of healing is unusually fast.
You are covered in fur. (AC +1)
You have tough skin. (AC +1)


Message History

The red ugly thing glows dangerously bright.
Your shadow hits the red ugly thing! The red ugly thing trunk-slaps you.
You are engulfed in flames!!
You emit a cloud of dark smoke.
You take 27 damage, and have 56/130 hp.
MASSIVE DAMAGE!!
MP restored: 14 You are too injured to fight recklessly!
You are too injured to fight recklessly!
You are too injured to fight recklessly!
You are too injured to fight recklessly!
You are too injured to fight recklessly!
You are too injured to fight recklessly!
The red ugly thing attacks as it pursues you!
The red ugly thing completely misses you.
Things that are here:
a +0 giant club; a +0 giant club; a two-headed ogre corpse You regained 2 hp, and now have 58/130 hp.
You claw the red ugly thing!
The red ugly thing begins to glow.
Your shadow hits the red ugly thing but does no damage.
The red ugly thing misses you.
You scratch the red ugly thing.
The red ugly thing glows dangerously bright.
Your shadow hits the red ugly thing but does no damage.
You barely miss the red ugly thing.
Your shadow closely misses the red ugly thing.
The red ugly thing trunk-slaps you.
You are engulfed in flames!
The red ugly thing basks in the mutagenic energy from its kin and changes!
You take 13 damage, and have 46/130 hp.
You mangle the red ugly thing!!
The red ugly thing shudders as magic cascades through it!
The red ugly thing basks in the mutagenic energy and changes!
You scratch the purple ugly thing but do no damage.
The purple ugly thing begins to glow.
The purple ugly thing trunk-slaps you!
You take 7 damage, and have 40/130 hp.
You scratch the purple ugly thing.
The purple ugly thing glows dangerously bright.
The purple ugly thing trunk-slaps you but does no damage.
You completely miss the purple ugly thing.
Your shadow completely misses the purple ugly thing.
The purple ugly thing trunk-slaps you but does no damage.
You scratch the purple ugly thing.
The purple ugly thing shudders as magic cascades through it!
The purple ugly thing basks in the mutagenic energy and changes!
You scratch the cyan ugly thing.
The cyan ugly thing begins to glow.
Your shadow hits the cyan ugly thing but does no damage.
The cyan ugly thing gores you but does no damage.
You scratch the cyan ugly thing.
The cyan ugly thing glows dangerously bright.
Your shadow hits the cyan ugly thing.
The cyan ugly thing gores you but does no damage.
You mangle the cyan ugly thing!! Dithmenos accepts your kill.
You claw the purple ugly thing!
The purple ugly thing begins to glow.
The red ugly thing stops glowing.
The purple ugly thing basks in the mutagenic energy from its kin and changes!
You scratch the brown ugly thing.
The brown ugly thing glows dangerously bright.
You claw the brown ugly thing!
The brown ugly thing shudders as magic cascades through it!!
The brown ugly thing basks in the mutagenic energy and changes!
The purple ugly thing basks in the mutagenic energy from its kin and changes!
You mangle the purple ugly thing!! Dithmenos accepts your kill.
You claw the red ugly thing! Dithmenos accepts your kill.
You have reached level 13!
You regained 4 hp, and now have 53/137 hp.
MP restored: 15 The boulder beetle misses you.
The red ugly thing engulfs you.
You are engulfed in flames!!
* * * LOW HITPOINT WARNING * * *
Things that are here:
an ugly thing corpse; an ugly thing corpse You take 24 damage, and have 29/137 hp.
You scratch the boulder beetle.
The boulder beetle begins to glow.
Your shadow hits the boulder beetle but does no damage.
The boulder beetle bites you but does no damage.
The red ugly thing engulfs you but does no damage.
The boulder beetle attacks as it pursues you!
The boulder beetle completely misses you.
Things that are here:
a +0 giant club; a +0 giant club; a two-headed ogre corpse You scratch the boulder beetle.
The boulder beetle glows dangerously bright.
The boulder beetle bites you!
* * * LOW HITPOINT WARNING * * *
You take 11 damage, and have 20/137 hp.
You scratch the boulder beetle.
The boulder beetle shudders as magic cascades through it!!
The boulder beetle twists and deforms.
Your shadow hits the boulder beetle but does no damage.
You mangle the boulder beetle!!
The boulder beetle begins to glow.
The boulder beetle bites you!
* * * LOW HITPOINT WARNING * * *
You take 7 damage, and have 14/137 hp.
You mangle the boulder beetle!! Dithmenos accepts your kill.
The red ugly thing engulfs you.
* * * LOW HITPOINT WARNING * * *
You are engulfed in flames!
You die...

## .. # #.#.
####### #...
......# ..# #
......# ###.#..#
......# #####.[...#
......#
#####§§)pu##...u.u
....[.###...§.#####
###..
......'...#####
......##### ##'####
#.# #.## #..#
###'###


You could see a red ugly thing.

Vanquished Creatures
  2 boulder beetles
  2 ironbound frosthearts (IceCv)
  5 death yaks (IceCv)
  3 two-headed ogres
  Pikel (D:7)
  A cyclops (D:7)
  A manticore (D:11)
  4 ugly things (D:12)
  An ice statue (IceCv)
  A gargoyle (D:10)
  A kobold demonologist (D:11)
  A komodo dragon (D:11)
  11 polar bears (IceCv)
  2 trolls (D:11)
  A vampire (D:9)
  4 slime creatures
  2 wraiths
  A shadow (D:12)
  32 yaks
  A wyvern (D:9)
  3 steam dragons
  4 vampire mosquitoes
  A warg (D:9)
  2 acid dragons
  3 water moccasins
  Duvessa (D:7)
  5 orc warriors
  3 sky beasts (D:8)
  2 black bears
  4 ice beasts
  2 ogres (D:5)
  15 wolves (IceCv)
  3 centaurs
  2 phantoms (D:4)
  2 lemures (D:7)
  4 kobold brigands
  Blork the orc (D:4)
  2 bullfrogs
  4 scorpions
  6 wights (D:8)
  Dowan (D:7)
  12 killer bees
  5 howler monkeys
  2 hounds
  5 orc priests
  2 gnoll boudas
  A jelly (D:6)
  A sleepcap (D:4)
  4 iguanas
  17 orc wizards
  8 mummies (Ossuary)
  Robin (D:4)
  14 gnolls
  13 adders
  2 river rats (D:4)
  A shadow imp (D:7)
  2 white imps
  3 ufetubi
  2 worms
  2 dart slugs (D:1)
  43 orcs
  8 endoplasms
  8 giant cockroaches
  A gnoll zombie (Ossuary)
  14 goblins
  6 hobgoblins
  8 jackals
  11 kobolds
  2 quokkas (D:2)
  14 ball pythons
  14 bats
  8 frilled lizards
  A hobgoblin zombie (Ossuary)
  4 kobold zombies (Ossuary)
  2 orc zombies (Ossuary)
  A quokka zombie (D:7)
  6 rats
  A rat zombie (D:7)
396 creatures vanquished.

Notes
Turn   | Place    | Note
-------+----------+-------------------------------------------
     0 | D:1      | IndexError the Troll Shapeshifter began the quest for the
                  | Orb.
     0 | D:1      | Reached XP level 1. HP: 18/18 MP: 0/0
   123 | D:1      | Reached skill level 1 in Fighting
   248 | D:1      | Reached XP level 2. HP: 25/27 MP: 1/1
   636 | D:1      | Reached XP level 3. HP: 33/33 MP: 2/2
  1197 | D:2      | Found a faded altar of an unknown god.
  1229 | D:2      | Prayed at the altar of an unknown god.
  1229 | D:2      | Became a worshipper of Dithmenos the Shadowed
  1229 | D:2      | Reached * piety under Dithmenos
  1235 | D:2      | Identified the +10 mace "Eviscerator" {freeze, Str+2}
  1335 | D:2      | Reached skill level 2 in Fighting
  1335 | D:2      | Reached XP level 4. HP: 42/42 MP: 3/3
  1974 | D:3      | Reached skill level 4 in Unarmed Combat
  2044 | D:3      | Reached XP level 5. HP: 49/50 MP: 4/4
  2146 | D:3      | Reached skill level 4 in Shapeshifting
  2267 | D:3      | Reached ** piety under Dithmenos
  2361 | D:3      | Reached XP level 6. HP: 28/59 MP: 5/5
  2642 | D:3      | Reached skill level 3 in Fighting
  2887 | D:4      | Reached skill level 5 in Unarmed Combat
  3132 | D:4      | Reached XP level 7. HP: 61/67 MP: 6/6
  3149 | D:4      | Noticed Robin
  3155 | D:4      | Killed Robin
  3161 | D:4      | Reached skill level 5 in Shapeshifting
  3177 | D:4      | Found a glowing drain.
  3187 | Sewer    | Entered a sewer
  3197 | Sewer    | Reached *** piety under Dithmenos
  3224 | Sewer    | Reached skill level 4 in Fighting
  3438 | D:4      | Found a stormy altar of Qazlal.
  4010 | D:4      | Noticed Blork the orc
  4015 | D:4      | Killed Blork the orc
  4087 | D:5      | Entered Level 5 of the Dungeon
  4173 | D:5      | Reached skill level 6 in Unarmed Combat
  4174 | D:5      | Reached XP level 8. HP: 71/79 MP: 7/7
  4205 | D:5      | Reached skill level 6 in Shapeshifting
  4256 | D:5      | Found an ancient bone altar of Kikubaaqudgha.
  4264 | D:5      | Found a glowing silver altar of Zin.
  4264 | D:5      | Found a broken altar of Ashenzari.
  4273 | D:5      | Found an ornate altar of the Wu Jian Council.
  4277 | D:5      | Found a sparkling altar of Nemelex Xobeh.
  4884 | D:5      | Reached skill level 5 in Fighting
  4905 | D:5      | Found a hazy altar of Hepliaklqana.
  5117 | D:6      | Reached skill level 7 in Unarmed Combat
  5645 | D:6      | Reached **** piety under Dithmenos
  5653 | D:6      | Identified the ring "Nophup" {rF+ Will+ SInv}
  5723 | D:6      | Reached XP level 9. HP: 89/89 MP: 8/8
  5966 | D:7      | Reached skill level 7 in Shapeshifting
  6015 | D:7      | Noticed Pikel
  6038 | D:7      | Killed Pikel
  6039 | D:7      | Reached skill level 6 in Fighting
  6087 | D:7      | Reached skill level 8 in Unarmed Combat
  6137 | D:7      | Found a sand-covered staircase.
  6151 | Ossuary  | Entered an ossuary
  6495 | D:7      | Noticed a cyclops
  6519 | D:7      | Killed a cyclops
  6576 | D:7      | Found a staircase to the Ecumenical Temple.
  6624 | D:7      | Noticed Duvessa
  6625 | D:7      | Noticed Dowan
  6634 | D:7      | Killed Duvessa
  6640 | D:7      | Killed Dowan
  6641 | D:7      | Reached skill level 8 in Shapeshifting
  6778 | D:7      | Reached skill level 7 in Fighting
  6793 | D:7      | Found a shimmering altar of Xom.
  6909 | D:8      | Found a bloodstained altar of Trog.
  6960 | D:8      | Reached XP level 10. HP: 45/102 MP: 9/9
  7099 | D:8      | Reached skill level 9 in Unarmed Combat
  7197 | D:8      | Found a runed translucent door.
  7211 | D:8      | Noticed ongoing's ghost (journeyman MfSh)
  7519 | D:8      | Reached ***** piety under Dithmenos
  7751 | D:8      | Reached skill level 9 in Shapeshifting
  7765 | D:8      | Found a blossoming altar of Fedhas.
  8521 | D:9      | Reached skill level 8 in Fighting
  8558 | D:9      | Reached skill level 10 in Unarmed Combat
  8586 | D:9      | Found a staircase to the Orcish Mines.
  8842 | D:9      | Reached XP level 11. HP: 69/113 MP: 10/10
  8943 | D:9      | You fall into a shaft and drop 1 floor!
  8943 | D:10     | Entered Level 10 of the Dungeon
  9257 | D:9      | Found a sacrificial altar of Ru.
  9547 | D:10     | Noticed a two-headed ogre
  9590 | D:9      | Killed a two-headed ogre
  9641 | D:10     | Found a staircase to the Lair.
  9712 | D:10     | Found a glowing golden altar of the Shining One.
  9750 | D:10     | Found Ling's Antique Weapon Emporium.
  9811 | D:10     | Found a shadowy altar of Dithmenos.
  9962 | D:11     | Noticed a boulder beetle
  9974 | D:11     | Killed a boulder beetle
  9975 | D:11     | Reached skill level 10 in Shapeshifting
 10013 | D:11     | Noticed a two-headed ogre
 10020 | D:11     | Killed a two-headed ogre
 10021 | D:11     | Reached skill level 9 in Fighting
 10021 | D:11     | Reached skill level 11 in Unarmed Combat
 10054 | D:11     | Found a frozen archway.
 10062 | IceCv    | Entered an ice cave
 10315 | IceCv    | Reached skill level 10 in Fighting
 10315 | IceCv    | Reached skill level 12 in Unarmed Combat
 10417 | IceCv    | Noticed a death yak
 10430 | IceCv    | Killed a death yak
 10431 | IceCv    | Reached XP level 12. HP: 117/126 MP: 11/11
 10563 | IceCv    | Noticed a death yak
 10563 | IceCv    | Noticed a death yak
 10563 | IceCv    | Noticed a death yak
 10578 | IceCv    | Killed a death yak
 10579 | IceCv    | Killed a death yak
 10582 | IceCv    | Killed a death yak
 10616 | IceCv    | Noticed a death yak
 10616 | IceCv    | Noticed an ironbound frostheart
 10616 | IceCv    | Noticed an ironbound frostheart
 10639 | IceCv    | Killed an ironbound frostheart
 10643 | IceCv    | Reached skill level 13 in Unarmed Combat
 10647 | IceCv    | Killed an ironbound frostheart
 10648 | IceCv    | Reached skill level 11 in Fighting
 10653 | IceCv    | Killed a death yak
 10662 | IceCv    | Reached ****** piety under Dithmenos
 11083 | D:11     | Reached skill level 2 in Dodging
 11083 | D:11     | Reached skill level 1 in Invocations
 11175 | D:11     | Reached skill level 2 in Invocations
 11492 | D:11     | Reached skill level 3 in Dodging
 11562 | D:12     | Found Bixatway's Antique Armour Shoppe.
 11648 | D:11     | Reached skill level 3 in Invocations
 11796 | D:12     | Noticed a two-headed ogre
 11806 | D:12     | Noticed a boulder beetle
 11808 | D:12     | Killed a two-headed ogre
 11809 | D:12     | Reached skill level 4 in Dodging
 11809 | D:12     | Reached skill level 4 in Invocations
 11834 | D:12     | Reached XP level 13. HP: 53/137 MP: 15/15
 11834 | D:12     | HP: 29/137 [red ugly thing (22)]
 11839 | D:12     | HP: 14/137 [boulder beetle (8)]
 11841 | D:12     | Slain by a red ugly thing

Illustrated notes

Levels and vault maps discovered:
D:1:      matt_arrival_grand_opening, layout_basic
D:2:      kennysheep_six_static_rooms, layout_basic,
          ebering_ecumenical_altar_abandoned, chequers_big_river
D:3:      layout_loops_cross
D:4:      layout_basic, lemuel_tele_altar, serial_demonic, serial_demonic_c,
          serial_demonic_e, serial_demonic_b, serial_demonic_b,
          portal_sewer_entry_b, uniq_blork_the_orc, uniq_robin
D:5:      layout_basic, minmay_overflow_temple_star_hex,
          nicolae_hepliaklqana_hippocampus
D:6:      layout_basic, minmay_manual_mess
D:7:      layout_rooms, kennysheep_little_box, temple_fountains,
          enter_ossuary_4, uniq_duvessa, uniq_pikel
D:8:      layout_basic, mainiacjoe_overflow_concentric_impassable,
          fedhas_altar_1, ebering_ghost_inner_flame, hangedman_minor_gate_pass
D:9:      layout_loops_ring, mainiacjoe_overflow_chevrons, erik_orc_4,
          small_statue_intersection
D:10:     layout_cave_pools, marbit_many_paths, mainiacjoe_overflow_24_doors,
          lair_entry_dummy, serial_shops, nicolae_shop_overgrown_old_shop
D:11:     layout_gridville, portal_ice_cave_entry_pillars_2
D:12:     layout_roguey, serial_shops, nicolae_shop_peninsula,
          nicolae_stop_n_shop_1, shop_statue, shop,
          minmay_fractal_squares_diagonal_5

Skill      XL: |  1  2  3  4  5  6  7  8  9 10 11 12 |
---------------+-------------------------------------+-----
Fighting       | 1 2 3 4 5 7 8 10 11 | 11.1
Unarmed Combat | 4 5 6 7 8 10 12 13 | 13.3
Shapeshifting  | 4 5 6 8 9 10 | 10.0
Dodging        | 4 |  4.5
Invocations    | 4 |  4.6

Action                     |  1- 3 |  4- 6 |  7- 9 | 10-12 | 13-15 || total
---------------------------+-------+-------+-------+-------+-------++-------
  Melee: Unarmed           |    98 |       |   130 |   669 |     5 ||   902
         Mace              |     3 |    94 |   140 |       |       ||   237
         Punch             |       |     3 |     3 |       |       ||     6
    Use: Scroll            |       |       |       |    19 |       ||    19
         Potion            |       |       |       |     1 |       ||     1
   Stab: Distracted        |       |     1 |       |       |       ||     1
         Sleeping          |       |     1 |       |       |       ||     1
 Armour: Animal skin       |    57 |    81 |   213 |    73 |       ||   424
         Steam dragon scal |       |       |       |    66 |       ||    66
         Robe              |       |       |       |   355 |     6 ||   361
  Dodge: Dodged            |    39 |    51 |   172 |   345 |     2 ||   609
         Form:             |       |       |     1 |       |       ||     1
         Beast             |       |       |     1 |       |       ||     1
         Flux              |       |       |     1 |       |       ||     1

Table legend: (Time is in decaauts)
 A = Elapsed time spent in this place.
 B = Non-inter-level travel time spent in this place.
 C = Inter-level travel time spent in this place.
 D = Time resting spent in this place.
 E = Time spent auto-exploring this place.
 F = Levels seen in this place.
 G = Mean time per level.
                   A        B        C        D        E       F      G
               +--------+--------+--------+--------+--------+-----+--------+
         Total |  11804 |  10609 |   1195 |     91 |   7905 |  15 |  786.9 |
       Dungeon |  10727 |   9532 |   1195 |     50 |   7246 |  12 |  893.9 |
         Sewer |     84 |     84 |      0 |      0 |     46 |   1 |   84.0 |
       Ossuary |    229 |    229 |      0 |      0 |    134 |   1 |  229.0 |
      Ice Cave |    763 |    763 |      0 |     41 |    479 |   1 |  763.0 |
               +--------+--------+--------+--------+--------+-----+--------+

Top non-repeatable levels by time:
     D:8: 1528 daAuts
     D:4: 1232 daAuts
     D:2: 1111 daAuts
     D:9: 975 daAuts
     D:6: 962 daAuts
     D:5: 902 daAuts
     D:1: 901 daAuts
    D:11: 897 daAuts
     D:3: 882 daAuts
   IceCv: 763 daAuts
     D:7: 660 daAuts
    D:10: 527 daAuts
 Ossuary: 229 daAuts
    D:12: 147 daAuts
   Sewer: 84 daAuts

Levels and vault maps discovered:
D:1:      matt_arrival_grand_opening, layout_basic
D:2:      kennysheep_six_static_rooms, layout_basic,
          ebering_ecumenical_altar_abandoned, chequers_big_river
D:3:      layout_loops_cross
D:4:      layout_basic, lemuel_tele_altar, serial_demonic, serial_demonic_c,
          serial_demonic_e, serial_demonic_b, serial_demonic_b,
          portal_sewer_entry_b, uniq_blork_the_orc, uniq_robin
D:5:      layout_basic, minmay_overflow_temple_star_hex,
          nicolae_hepliaklqana_hippocampus
D:6:      layout_basic, minmay_manual_mess
D:7:      layout_rooms, kennysheep_little_box, temple_fountains,
          enter_ossuary_4, uniq_duvessa, uniq_pikel
D:8:      layout_basic, mainiacjoe_overflow_concentric_impassable,
          fedhas_altar_1, ebering_ghost_inner_flame, hangedman_minor_gate_pass
D:9:      layout_loops_ring, mainiacjoe_overflow_chevrons, erik_orc_4,
          small_statue_intersection
D:10:     layout_cave_pools, marbit_many_paths, mainiacjoe_overflow_24_doors,
          lair_entry_dummy, serial_shops, nicolae_shop_overgrown_old_shop
D:11:     layout_gridville, portal_ice_cave_entry_pillars_2
D:12:     layout_roguey, serial_shops, nicolae_shop_peninsula,
          nicolae_stop_n_shop_1, shop_statue, shop,
          minmay_fractal_squares_diagonal_5

Table legend: (Time is in decaauts)
 A = Elapsed time spent in this place.
 B = Non-inter-level travel time spent in this place.
 C = Inter-level travel time spent in this place.
 D = Time resting spent in this place.
 E = Time spent auto-exploring this place.
 F = Levels seen in this place.
 G = Mean time per level.
                   A        B        C        D        E       F      G
               +--------+--------+--------+--------+--------+-----+--------+
         Total |  11804 |  10609 |   1195 |     91 |   7905 |  15 |  786.9 |
       Dungeon |  10727 |   9532 |   1195 |     50 |   7246 |  12 |  893.9 |
         Sewer |     84 |     84 |      0 |      0 |     46 |   1 |   84.0 |
       Ossuary |    229 |    229 |      0 |      0 |    134 |   1 |  229.0 |
      Ice Cave |    763 |    763 |      0 |     41 |    479 |   1 |  763.0 |
               +--------+--------+--------+--------+--------+-----+--------+

Top non-repeatable levels by time:
     D:8: 1528 daAuts
     D:4: 1232 daAuts
     D:2: 1111 daAuts
     D:9: 975 daAuts
     D:6: 962 daAuts
     D:5: 902 daAuts
     D:1: 901 daAuts
    D:11: 897 daAuts
     D:3: 882 daAuts
   IceCv: 763 daAuts
     D:7: 660 daAuts
    D:10: 527 daAuts
 Ossuary: 229 daAuts
    D:12: 147 daAuts
   Sewer: 84 daAuts

Table legend:
 A = Kills in this place as a percentage of kills in the entire game.
 B = Kills by you in this place as a percentage of kills by you in the entire game.
 C = Kills by friends in this place as a percentage of kills by friends in the entire game.
 D = Other kills in this place as a percentage of other kills in the entire game.
 E = Experience gained in this place as a percentage of experience gained in the entire game.
 F = Experience gained in this place divided by the number of levels of this place that you have seen.
                   A       B       C       D       E      F
               +-------+-------+-------+-------+-------+----------------------
         Total | 100.0 | 100.0 |   N/A |   N/A | 100.0 | 2593.0
       Dungeon |  80.7 |  80.7 |   N/A |   N/A |  62.3 | 2018.0
         Sewer |   2.5 |   2.5 |   N/A |   N/A |   0.4 | 164.0
       Ossuary |   4.1 |   4.1 |   N/A |   N/A |   0.4 | 156.0
      Ice Cave |  12.7 |  12.7 |   N/A |   N/A |  36.9 | 14359.0
               +-------+-------+-------+-------+-------+----------------------
